 Dungeon Crawl Stone Soup version 0.32-a0-401-g0bcb2a7693 (webtiles) character file.

Game seed: 6101653397855055967

205 Asfel the Grave Robber (level 5, -12/54 HPs)
             Began as a Demonspawn Necromancer on Feb 20, 2024.
             Was a Believer of Lugonu.
             Mangled by an ogre
             ... wielding a +0 giant spiked club
              (18 damage)
             ... on level 3 of the Dungeon.
             The game lasted 00:16:58 (3345 turns).

Asfel the Grave Robber (Demonspawn Necromancer)     Turns: 3345, Time: 00:16:59

Health: -12/54     AC: 22    Str:  9    XL:     5   Next: 53%
Magic:  8/10       EV:  2    Int: 17    God:    Lugonu [**....]
Gold:   102        SH:  0    Dex: 13    Spells: 9/10 levels left

rFire   + . .        (no weapon)
rCold   . . .        (no shield)
rNeg    . . .        a - melded +0 robe
rPois   +            (helmet currently unavailable)
rElec   .            (cloak currently unavailable)
rCorr   .            (gloves currently unavailable)
SInv    .            (boots currently unavailable)
Will    .....        g - amulet of magic regeneration
Stlth   ++           p - ring of protection from fire
HPRegen 0.29/turn    (no ring)
MPRegen 0.52/turn

%: no passive effects
@: brilliant, lethally poisoned (-12 -> -14), tree-form, wreathed by umbra
A: stationary, stasis, torment immunity, boosted hp, (antennae 1), (weakness
stinger 1), foul shadow 1
a: Renounce Religion, Depart the Abyss, Banish


You were on level 3 of the Dungeon.
You worshipped Lugonu.
Lugonu was pleased with you.
You were a tree.
You visited 1 branch of the dungeon, and saw 4 of its levels.

You collected 102 gold pieces.

Inventory:

Armour
 a - a +0 robe (melded)
Jewellery
 g - an amulet of magic regeneration (around neck)
 l - an amulet of regeneration
 o - an amulet of faith
 p - a ring of protection from fire (left branch)
 q - a ring of protection from cold
Scrolls
 d - a scroll of teleportation {unknown}
 e - 5 scrolls of identify {unknown}
 f - a scroll of immolation {unknown}
 h - a scroll of noise {unknown}
 j - a scroll of blinking {unknown}
 s - a scroll of poison {unknown}
 t - a scroll of summoning {unknown}
Potions
 i - 2 potions of curing
 m - 2 potions of enlightenment {unknown}
 n - a potion of haste {unknown}


   Skills:
 + Level 0.4 Fighting
 + Level 2.3 Dodging
 + Level 2.0 Stealth
 + Level 0.3 Unarmed Combat
 + Level 3.4 Spellcasting
 + Level 5.9 Necromancy
 - Level 1.2 Invocations


You had 9 spell levels left.
You knew the following spells:

 Your Spells              Type           Power      Damage    Failure   Level
a - Necrotise             Necr           100%       1d9       1%          1

Your spell library contained the following spells:

 Spells                   Type           Power      Damage    Failure   Level
 Vampiric Draining        Necr           34%        2d8       4%          3
 Animate Dead             Necr           34%        N/A       14%         4
 Curse of Agony           Necr           34%        N/A       38%         5


Dungeon Overview and Level Annotations

Branches:
Dungeon (4/15)
 Temple: D:4-7

Altars:
Lugonu

Shops:
D:3 =


Innate Abilities, Weirdness & Mutations

You are a tree.
Your roots penetrate the ground, keeping you stationary.
You cannot be teleported.
You are immune to unholy pain and torment.
Your maximum health is greatly increased.
Your equipment is partially melded.
((You have a pair of small antennae on your head.))
((You have a small tail.))
You are faintly shadowed, very rarely releasing foul flame when damaged in melee.


Message History

The ogre hits you but does no damage. The adder bites you but does no damage.
Casting: Necrotise (safe; 1% risk of failure)
Confirm with . or Enter, or press ? or * to list all spells.
Aiming: Necrotise (safe; 1% risk of failure)
Press: ? - help, Shift-Dir - straight line, f/p - adder
Aim: an adder (severely wounded, umbra, chance to affect: 87%)
The adder writhes in agony.
You feel sick.
You are no longer poisoned.
The adder bites you but does no damage.
The hobgoblin hits you but does no damage.
The adder bites you but does no damage. x2
The ogre hits you with a +0 giant spiked club!
Casting: Necrotise (safe; 1% risk of failure)
Confirm with . or Enter, or press ? or * to list all spells.
Aiming: Necrotise (safe; 1% risk of failure)
Press: ? - help, Shift-Dir - straight line, f/p - adder
Aim: an adder (almost dead, umbra, chance to affect: 87%)
The adder writhes in agony.
You kill the adder!
Lugonu accepts your kill.
The dead are slithering!
The adder bites you.
You are poisoned.
The adder poisons you! The hobgoblin barely misses you.
Casting: Necrotise (safe; 1% risk of failure)
Confirm with . or Enter, or press ? or * to list all spells.
Aiming: Necrotise (safe; 1% risk of failure)
Press: ? - help, Shift-Dir - straight line, f - adder
Aim: an adder (umbra, chance to affect: 87%)
The adder writhes in agony!
You feel sick. The adder bites you.
The ogre hits you with a +0 giant spiked club!
* * * LOW HITPOINT WARNING * * *
The hobgoblin hits you but does no damage.
Your adder skeleton barely misses the ogre.
It was a potion of brilliance.
You feel clever all of a sudden.
You feel sick. The adder completely misses you.
The hobgoblin hits you but does no damage.
Your adder skeleton bites the ogre.
The adder barely misses you.
The ogre hits you with a +0 giant spiked club!!
You die...

...# #..# #.# #.# .#####..#
#.# #.####### ##......# ##.##
#........ #...#.#.###...#####
#########
##.##.#.##........##
...................#
##.##...##......Z..#
#.............)O..#
####...###.....♣S.# #####...#
#[...g.).##############
.....)..#
#......................
.####...#
##......#.............. .#
#...# #.#.##....############
.# #...#
#.#.###.#.############ .#
#...# #.#.###....##.........
##
#...####.#...>..#....########
#................>####


You could see an ogre (ally target), an adder, a hobgoblin and a friendly adder
skeleton.

Vanquished Creatures
  Natasha (D:3)
  An orc wizard (D:3)
  4 adders
  5 dart slugs
  2 ribbon worms (D:2)
  2 orcs
  6 ball pythons
  7 bats
  4 endoplasms
  A giant cockroach (D:1)
  4 goblins
  2 hobgoblins (D:2)
  4 kobolds
  3 quokkas
  11 frilled lizards
  4 rats
61 creatures vanquished.

Vanquished Creatures (collateral kills)
  An orc (D:3)
  2 rats (D:1)
3 creatures vanquished.

Grand Total: 64 creatures vanquished

Notes
Turn   | Place    | Note
-------+----------+-------------------------------------------
     0 | D:1      | Asfel the Demonspawn Necromancer began the quest for the
                  | Orb.
     0 | D:1      | Reached XP level 1. HP: 13/13 MP: 3/3
    15 | D:1      | Found a faded altar of an unknown god.
    24 | D:1      | Prayed at the altar of an unknown god.
    24 | D:1      | Became a worshipper of Lugonu the Unformed
    24 | D:1      | Reached * piety under Lugonu
   203 | D:1      | Discovered your monstrous ancestry.
   203 | D:1      | Gained mutation: You have a pair of small antennae on your
                  | head. [demonic ancestry]
   203 | D:1      | Reached XP level 2. HP: 19/19 MP: 3/5
   422 | D:1      | Reached skill level 5 in Necromancy
   428 | D:1      | Gained mutation: You are faintly shadowed, very rarely
                  | releasing foul flame when damaged in melee. [demonic
                  | ancestry]
   428 | D:1      | Reached XP level 3. HP: 13/24 MP: 0/6
  1472 | D:2      | Reached ** piety under Lugonu
  1473 | D:2      | Gained mutation: You have a small tail. [demonic ancestry]
  1473 | D:2      | Reached XP level 4. HP: 30/30 MP: 5/8
  1743 | D:2      | Reached skill level 1 in Invocations
  2866 | D:3      | Found Efirpha's Jewellery Shoppe.
  3177 | D:4      | Noticed Natasha
  3180 | D:4      | Reached XP level 5. HP: 29/35 MP: 7/9
  3181 | D:4      | Noticed an ogre
  3197 | D:3      | Killed Natasha
  3345 | D:3      | Mangled by an ogre

Illustrated notes

Levels and vault maps discovered:
D:1:      psy_arrival_whirlpool, layout_basic, basic_ecumenical_altar,
          chequers_serial_rivers_small_b
D:2:      layout_basic
D:3:      layout_loops_ring, serial_shops, nicolae_shop_gaudy_bauble,
          minmay_lizard_king
D:4:      layout_rooms, mainiacjoe_overflow_alcove_4,
          minmay_temple_entry_statues_pillars, serial_bayou,
          serial_bayou_pond_d, serial_bayou_lagoon_a, serial_bayou_pond_c,
          serial_bayou_pond_c, mainiacjoe_sewer_entry_somewhere_in_here_1,
          minmay_manual_mail, uniq_natasha

Skill      XL: |  1  2  3  4 |
---------------+-------------+-----
Stealth        | 2 |  2.0
Necromancy     | 5 |  5.9
Invocations    | 1 |  1.2
Spellcasting   | 3 |  3.4
Dodging        | 2 |  2.3
Fighting       | |  0.4
Unarmed Combat | |  0.3

Action                     |  1- 3 |  4- 6 || total
---------------------------+-------+-------++-------
  Melee: Unarmed           |    15 |     5 ||    20
         Punch             |     1 |       ||     1
   Cast: Necrotise         |    69 |    66 ||   135
    Use: Potion            |       |     6 ||     6
 Armour: Robe              |    34 |    45 ||    79
         Skin              |       |    27 ||    27
  Dodge: Dodged            |    53 |    59 ||   112

Table legend: (Time is in decaauts)
 A = Elapsed time spent in this place.
 B = Non-inter-level travel time spent in this place.
 C = Inter-level travel time spent in this place.
 D = Time resting spent in this place.
 E = Time spent auto-exploring this place.
 F = Levels seen in this place.
 G = Mean time per level.
                   A        B        C        D        E       F      G
               +--------+--------+--------+--------+--------+-----+--------+
         Total |   3348 |   3270 |     78 |      0 |   2574 |   4 |  837.0 |
       Dungeon |   3348 |   3270 |     78 |      0 |   2574 |   4 |  837.0 |
               +--------+--------+--------+--------+--------+-----+--------+

Top non-repeatable levels by time:
     D:2: 1226 daAuts
     D:1: 1136 daAuts
     D:3: 976 daAuts
     D:4: 9 daAuts
